| TOP OF THE 1ST |
|
Charlotte Hornets batting - Pitching for Jacksonville Suns : LHP Stephen Hartery
|
|
Pitching: LHP Stephen Hartery
|
|
|
Batting: RHB Charles Stafford
|
0-0: Ball 1-0: Ball 2-0: Ball 3-0: Base on Balls
|
|
Batting: RHB Juan Bonilla
|
0-0: Fly out, F9 (Line Drive, 9, EV 85.0 MPH)
|
|
Batting: RHB Ron Johnson
|
0-0: Called Strike 0-1: Foul Ball, location: 2F 0-2: Fly out, F4 (Flyball, 34D, EV 86.9 MPH)
|
|
Batting: RHB Tom Romano
|
0-0: Ball 1-0: Ball 2-0: Swinging Strike 2-1: SINGLE (Groundball, 5D, EV 98.1 MPH) Charles Stafford to second
|
|
Batting: RHB Barry Lyons
|
0-0: Swinging Strike 0-1: Ball 1-1: Ground out 3-1 (Groundball, 34D, EV 88.8 MPH)
|
| Top of the 1st over - 0 runs, 1 hit, 0 errors, 2 left on base; Charlotte 0 - Jacksonville 0 |
| BOTTOM OF THE 1ST |
|
Jacksonville Suns batting - Pitching for Charlotte Hornets : RHP Dale Mohorcic
|
|
Pitching: RHP Dale Mohorcic
|
|
|
Batting: RHB Lyle Brackenridge
|
0-0: Called Strike 0-1: Ball 1-1: Ball 2-1: Ground out 6-3 (Groundball, 6, EV 85.0 MPH)
|
|
Batting: RHB Jeff Spisok
|
0-0: Swinging Strike 0-1: Ball 1-1: Ball 2-1: Ball 3-1: Base on Balls
|
|
Batting: LHB Andy Carlton
|
0-0: Called Strike 0-1: Ball 1-1: Ball Jeff Spisok is caught stealing 2nd base 2-6 2-1: Fly out, F7 (Flyball, 78XD, EV 94.4 MPH)
|
| Bottom of the 1st over - 0 runs, 0 hits, 0 errors, 0 left on base; Charlotte 0 - Jacksonville 0 |
| TOP OF THE 2ND |
|
Charlotte Hornets batting - Pitching for Jacksonville Suns : LHP Stephen Hartery
|
|
Batting: LHB Jesus Diaz
|
0-0: Ball 1-0: Called Strike 1-1: Ball 2-1: Ball 3-1: Fly out, F8 (Flyball, 78M, EV 77.5 MPH)
|
|
Batting: RHB Alvaro Espinoza
|
0-0: Ball 1-0: Ground out 6-3 (Groundball, 6, EV 91.9 MPH)
|
|
Batting: SHB Jose Mota
|
0-0: Ball 1-0: Fly out, F9 (Line Drive, 9, EV 90.6 MPH)
|
| Top of the 2nd over - 0 runs, 0 hits, 0 errors, 0 left on base; Charlotte 0 - Jacksonville 0 |
| BOTTOM OF THE 2ND |
|
Jacksonville Suns batting - Pitching for Charlotte Hornets : RHP Dale Mohorcic
|
|
Batting: RHB Edward Packard
|
0-0: Ball 1-0: Ball 2-0: Ground out 4-3 (Groundball, 4, EV 78.1 MPH)
|
|
Batting: LHB Pete M O'Brien
|
0-0: Fly out, F8 (Flyball, 8LXD, EV 92.5 MPH)
|
|
Batting: LHB Dave Baker
|
0-0: Called Strike 0-1: Ball 1-1: Foul Ball, location: 2F 1-2: Ball 2-2: Strikes out swinging
|
| Bottom of the 2nd over - 0 runs, 0 hits, 0 errors, 0 left on base; Charlotte 0 - Jacksonville 0 |
| TOP OF THE 3RD |
|
Charlotte Hornets batting - Pitching for Jacksonville Suns : LHP Stephen Hartery
|
|
Batting: RHB John O'Rear
|
0-0: Ball 1-0: SINGLE (Line Drive, 78S, EV 91.9 MPH)
|
|
Batting: RHB Charles Stafford
|
0-0: Ball 1-0: Called Strike 1-1: Grounds out, U3 (Groundball, 3L, EV 98.8 MPH)
|
|
Batting: RHB Juan Bonilla
|
0-0: Ball 1-0: Ball 2-0: Ball 3-0: Called Strike 3-1: Foul Ball, location: 2F 3-2: Base on Balls
|
|
Batting: RHB Ron Johnson
|
0-0: Ball 1-0: Ball 2-0: Called Strike 2-1: Ball 3-1: Base on Balls John O'Rear to third Juan Bonilla to second
|
|
Batting: RHB Tom Romano
|
0-0: Foul Ball, location: 2F 0-1: Ball 1-1: Fly out, F7 (Flyball, 7LM, EV 88.8 MPH) Throwing error, E7 John O'Rear scores Juan Bonilla to third Ron Johnson to second
|
|
Batting: RHB Barry Lyons
|
0-0: Ball 1-0: DOUBLE (Flyball, 9LD, EV 111.9 MPH) Juan Bonilla scores Ron Johnson scores
|
|
Batting: LHB Jesus Diaz
|
0-0: Ball 1-0: Swinging Strike 1-1: DOUBLE (Line Drive, 78D, EV 106.3 MPH) Barry Lyons scores
|
|
Batting: RHB Alvaro Espinoza
|
0-0: Foul Ball, location: 2F 0-1: Ball 1-1: Ground out 5-3 (Groundball, 56S, EV 85.6 MPH)
|
| Top of the 3rd over - 4 runs, 3 hits, 1 error, 1 left on base; Charlotte 4 - Jacksonville 0 |
| BOTTOM OF THE 3RD |
|
Jacksonville Suns batting - Pitching for Charlotte Hornets : RHP Dale Mohorcic
|
|
Batting: LHB Michael Kelly
|
0-0: Foul Ball, location: 2F 0-1: Ball 1-1: Ground out 3-1 (Groundball, 34, EV 103.1 MPH)
|
|
Batting: SHB Joe Morales
|
0-0: Ball 1-0: Fly out, F9 (Flyball, 9, EV 89.4 MPH)
|
|
Batting: RHB Mark Nocciolo
|
0-0: Ball 1-0: Called Strike 1-1: Swinging Strike 1-2: Ball 2-2: Strikes out looking
|
| Bottom of the 3rd over - 0 runs, 0 hits, 0 errors, 0 left on base; Charlotte 4 - Jacksonville 0 |
| TOP OF THE 4TH |
|
Charlotte Hornets batting - Pitching for Jacksonville Suns : LHP Stephen Hartery
|
|
Batting: SHB Jose Mota
|
0-0: Called Strike 0-1: Called Strike 0-2: Ground out 5-3 (Groundball, 5, EV 82.5 MPH)
|
|
Batting: RHB John O'Rear
|
0-0: Ball 1-0: TRIPLE (Flyball, 9LD, EV 103.1 MPH)
|
|
Batting: RHB Charles Stafford
|
0-0: Called Strike 0-1: Foul Ball, location: 2F 0-2: Ball 1-2: Ball 2-2: Ball 3-2: Fly out, F8 (Flyball, 8RM, EV 93.1 MPH) Runner from 3rd tags up, SCORES, throw by CF
|
|
Batting: RHB Juan Bonilla
|
0-0: SOLO HOME RUN (Flyball, 78XD, EV 101.3 MPH), Distance : 418 ft
|
|
Batting: RHB Ron Johnson
|
0-0: Ground out 5-3 (Groundball, 56, EV 82.5 MPH)
|
| Top of the 4th over - 2 runs, 2 hits, 0 errors, 0 left on base; Charlotte 6 - Jacksonville 0 |
| BOTTOM OF THE 4TH |
|
Jacksonville Suns batting - Pitching for Charlotte Hornets : RHP Dale Mohorcic
|
|
Batting: RHB Lyle Brackenridge
|
0-0: Ball 1-0: Called Strike 1-1: Fly out, F3 (Popup, 3SF, EV 73.8 MPH)
|
|
Batting: RHB Jeff Spisok
|
0-0: Ball 1-0: Foul Ball, location: 2F 1-1: SINGLE (Groundball, 6S, EV 65.6 MPH) (infield hit)
|
|
Batting: LHB Andy Carlton
|
0-0: Fly out, F9 (Flyball, 89M, EV 95.6 MPH)
|
|
Batting: RHB Edward Packard
|
0-0: Ball Jeff Spisok steals 2nd base (no throw) 1-0: Ball 2-0: Foul Ball, location: 2F 2-1: Ground out 4-3 (Groundball, 4, EV 82.5 MPH)
|
| Bottom of the 4th over - 0 runs, 1 hit, 0 errors, 1 left on base; Charlotte 6 - Jacksonville 0 |
| TOP OF THE 5TH |
|
Charlotte Hornets batting - Pitching for Jacksonville Suns : LHP Stephen Hartery
|
|
Batting: RHB Tom Romano
|
0-0: Ball 1-0: Foul Ball, location: 2F 1-1: Foul Ball, location: 2F 1-2: Ball 2-2: Reached on error, E6 (Groundball, 6, EV 87.5 MPH)
|
|
Batting: RHB Barry Lyons
|
0-0: Called Strike 0-1: Fly out, F9 (Flyball, 89S, EV 92.5 MPH)
|
|
Batting: LHB Jesus Diaz
|
0-0: Swinging Strike 0-1: Ball 1-1: Ball Tom Romano is caught stealing 2nd base 2-6 2-1: Ball 3-1: Fly out, F8 (Line Drive, 8LD, EV 90.0 MPH)
|
| Top of the 5th over - 0 runs, 0 hits, 1 error, 0 left on base; Charlotte 6 - Jacksonville 0 |
| BOTTOM OF THE 5TH |
|
Jacksonville Suns batting - Pitching for Charlotte Hornets : RHP Dale Mohorcic
|
|
Batting: LHB Pete M O'Brien
|
0-0: Fly out, F8 (Flyball, 8LD, EV 101.9 MPH)
|
|
Batting: LHB Dave Baker
|
0-0: Fly out, F7 (Flyball, 7LM, EV 79.4 MPH)
|
|
Batting: LHB Michael Kelly
|
0-0: Foul Ball, location: 2F 0-1: Ball 1-1: Ground out 4-3 (Groundball, 4, EV 85.0 MPH)
|
| Bottom of the 5th over - 0 runs, 0 hits, 0 errors, 0 left on base; Charlotte 6 - Jacksonville 0 |
| TOP OF THE 6TH |
|
Charlotte Hornets batting - Pitching for Jacksonville Suns : LHP Stephen Hartery
|
|
Pitching: RHP Michael Villegas
|
|
|
Batting: RHB Alvaro Espinoza
|
0-0: Ball 1-0: Foul Ball, location: 2F 1-1: Ball 2-1: Ground out 6-3 (Groundball, 56, EV 100.0 MPH)
|
|
Batting: SHB Jose Mota
|
0-0: Ball 1-0: Ball 2-0: Foul Ball, location: 2F 2-1: Called Strike 2-2: Ball 3-2: Fly out, F9 (Line Drive, 9, EV 89.4 MPH)
|
|
Batting: RHB John O'Rear
|
0-0: Called Strike 0-1: Foul Ball, location: 2F 0-2: Strikes out swinging
|
| Top of the 6th over - 0 runs, 0 hits, 0 errors, 0 left on base; Charlotte 6 - Jacksonville 0 |
| BOTTOM OF THE 6TH |
|
Jacksonville Suns batting - Pitching for Charlotte Hornets : RHP Dale Mohorcic
|
|
Batting: SHB Joe Morales
|
0-0: Called Strike 0-1: Foul Ball, location: 2F 0-2: Foul Ball, location: 2F 0-2: Ball 1-2: Ground out 6-3 (Groundball, 56, EV 98.8 MPH)
|
|
Batting: RHB Mark Nocciolo
|
0-0: Ball 1-0: Ball 2-0: Fly out, F8 (Flyball, 8RM, EV 93.8 MPH)
|
|
Batting: RHB Lyle Brackenridge
|
0-0: Swinging Strike 0-1: Foul Ball, location: 2F 0-2: Strikes out swinging
|
| Bottom of the 6th over - 0 runs, 0 hits, 0 errors, 0 left on base; Charlotte 6 - Jacksonville 0 |
| TOP OF THE 7TH |
|
Charlotte Hornets batting - Pitching for Jacksonville Suns : RHP Michael Villegas
|
|
Batting: RHB Charles Stafford
|
0-0: Called Strike 0-1: Swinging Strike 0-2: Ball 1-2: Strikes out swinging
|
|
Batting: RHB Juan Bonilla
|
0-0: Ball 1-0: Fly out, F4 (Line Drive, 4, EV 71.3 MPH)
|
|
Batting: RHB Ron Johnson
|
0-0: Swinging Strike 0-1: SINGLE (Flyball, 89S, EV 87.5 MPH)
|
|
Batting: RHB Tom Romano
|
0-0: Called Strike 0-1: Called Strike 0-2: DOUBLE (Line Drive, 7LM, EV 112.5 MPH) Ron Johnson to third Runner from 3rd tries for Home, throw by LF and OUT! 7-6-2
|
| Top of the 7th over - 0 runs, 2 hits, 0 errors, 1 left on base; Charlotte 6 - Jacksonville 0 |
| BOTTOM OF THE 7TH |
|
Jacksonville Suns batting - Pitching for Charlotte Hornets : RHP Dale Mohorcic
|
|
Batting: RHB Jeff Spisok
|
0-0: Fly out, F6 (Popup, 6M, EV 68.8 MPH)
|
|
Batting: LHB Andy Carlton
|
0-0: Ball 1-0: Ball 2-0: Called Strike 2-1: Ball 3-1: Swinging Strike 3-2: Fly out, F7 (Flyball, 7, EV 88.1 MPH)
|
|
Batting: RHB Edward Packard
|
0-0: Called Strike 0-1: Swinging Strike 0-2: Fly out, F9 (Flyball, 9LS, EV 91.3 MPH)
|
| Bottom of the 7th over - 0 runs, 0 hits, 0 errors, 0 left on base; Charlotte 6 - Jacksonville 0 |
| TOP OF THE 8TH |
|
Charlotte Hornets batting - Pitching for Jacksonville Suns : RHP Michael Villegas
|
|
Batting: RHB Barry Lyons
|
0-0: Ball 1-0: SINGLE (Groundball, 56D, EV 94.4 MPH)
|
|
Batting: LHB Jesus Diaz
|
0-0: Ball 1-0: Foul Ball, location: 2F 1-1: Fly out, F8 (Line Drive, 8LD, EV 91.3 MPH)
|
|
Batting: RHB Alvaro Espinoza
|
0-0: Ball 1-0: Grounds into double play, 5-4-3 (Groundball, 5L, EV 83.1 MPH)
|
| Top of the 8th over - 0 runs, 1 hit, 0 errors, 0 left on base; Charlotte 6 - Jacksonville 0 |
| BOTTOM OF THE 8TH |
|
Jacksonville Suns batting - Pitching for Charlotte Hornets : RHP Dale Mohorcic
|
|
Batting: LHB Pete M O'Brien
|
0-0: Called Strike 0-1: Called Strike 0-2: Ball 1-2: Fly out, F5 (Popup, 56S, EV 70.0 MPH)
|
|
Batting: LHB Dave Baker
|
0-0: Ball 1-0: Ball 2-0: Ball 3-0: Called Strike 3-1: Ground out 3-1 (Groundball, 34, EV 79.4 MPH)
|
|
Batting: LHB Michael Kelly
|
0-0: Called Strike 0-1: SOLO HOME RUN (Flyball, 9LD, EV 94.4 MPH), Distance : 343 ft
|
|
Batting: SHB Joe Morales
|
0-0: Ball 1-0: Fly out, F8 (Flyball, 8RM, EV 90.6 MPH)
|
| Bottom of the 8th over - 1 run, 1 hit, 0 errors, 0 left on base; Charlotte 6 - Jacksonville 1 |
| TOP OF THE 9TH |
|
Charlotte Hornets batting - Pitching for Jacksonville Suns : RHP Michael Villegas
|
|
Batting: SHB Jose Mota
|
0-0: Called Strike 0-1: Ball 1-1: Swinging Strike 1-2: Strikes out swinging
|
|
Batting: RHB John O'Rear
|
0-0: Called Strike 0-1: Ball 1-1: Ball 2-1: Foul Ball, location: 2F 2-2: Ball 3-2: Ground out 6-3 (Groundball, 6M, EV 80.6 MPH)
|
|
Batting: RHB Charles Stafford
|
0-0: Ball 1-0: Ball 2-0: Fly out, F7 (Line Drive, 7, EV 98.1 MPH)
|
| Top of the 9th over - 0 runs, 0 hits, 0 errors, 0 left on base; Charlotte 6 - Jacksonville 1 |
| BOTTOM OF THE 9TH |
|
Jacksonville Suns batting - Pitching for Charlotte Hornets : RHP Dale Mohorcic
|
|
Pitching: RHP Jorge Solano
|
|
|
Batting: RHB Mark Nocciolo
|
0-0: Foul Ball, location: 2F 0-1: Ball 1-1: Swinging Strike 1-2: Strikes out swinging
|
|
Batting: RHB Lyle Brackenridge
|
0-0: Ball 1-0: Ball 2-0: Foul Ball, location: 2F 2-1: Foul Ball, location: 2F 2-2: Reached on error, E3 (Line Drive, 3, EV 66.3 MPH)
|
|
Batting: RHB Jeff Spisok
|
0-0: Foul Ball, location: 2F 0-1: Ball 1-1: Swinging Strike 1-2: Ball 2-2: Fly out, F8 (Flyball, 8RXD, EV 88.1 MPH)
|
|
Batting: LHB Andy Carlton
|
0-0: Fielders Choice at 2nd, 6-4 (Groundball, 6, EV 82.5 MPH)
|
| Bottom of the 9th over - 0 runs, 0 hits, 1 error, 1 left on base; Charlotte 6 - Jacksonville 1 |
|